 Dungeon Crawl Stone Soup version 0.24-a0-451-g263dff2034 (webtiles) character file.

Game seed: 12766434840445910220

0 Mrkan the Skirmisher (level 1, -3/14 HPs)
             Began as a Formicid Abyssal Knight on June 26, 2019.
             Was a Follower of Lugonu.
             Killed by divine providence
             ... invoked by a smoke demon
             ... summoned by a glowing orange brain
              (15 damage)
             ... on level 2 of the Abyss.
             The game lasted 00:00:54 (73 turns).

Mrkan the Skirmisher (Formicid Abyssal Knight)        Turns: 73, Time: 00:00:54

Health: -3/14      AC:  3    Str: 16    XL:     1   Next: 0%
Magic:  2/2        EV: 11    Int: 11    God:    Lugonu [*.....]
Gold:   0          SH:  0    Dex: 10    Spells: 0/0 levels left

rFire    . . .     SeeInvis +   a - +1 mace
rCold    . . .     Gourm    .   (no shield)
rNeg     . . .     Faith    .   b - +0 leather armour
rPois    +         Spirit   .   (helmet unavailable)
rElec    .         Reflect  .   (no cloak)
rCorr    .         Harm     .   (no gloves)
MR       .....                  (no boots)
Stlth    ..........             (no amulet)
HPRegen  0.04/turn              (no ring)
MPRegen  0.08/turn              (no ring)

@: confused
A: permanent stasis, dig shafts and tunnels, four strong arms, antennae 3,
[blurry vision 2], [frail 2], [low mp 2], poison resistance
a: Dig, Shaft Self, Depart the Abyss, Renounce Religion


You were on level 2 of the Abyss.
You worshipped Lugonu.
Lugonu was aware of your devotion.
You were not hungry.

You visited 0 branches of the dungeon, and saw 0 of its levels.
You visited the Abyss 1 time.

Inventory:

Hand Weapons
 a - a +1 mace (weapon)
Armour
 b - a +0 leather armour (worn)
Potions
 d - a potion of mutation {unknown}
Comestibles
 c - a ration


   Skills:
 + Level 3.2 Fighting
 + Level 2.0 Maces & Flails
 + Level 2.1 Armour
 + Level 0.8 Dodging
 + Level 2.1 Invocations


You couldn't memorise any spells.
You didn't know any spells.
Your spell library contained the following spells:

 Spells                   Type           Power        Failure   Level  Hunger
 Shock                    Conj/Air       #...         41%         1    ##.....
 Swiftness                Chrm/Air       #.......     54%         2    ###....
 Static Discharge         Conj/Air       #.......     78%         3    ####...
 Airstrike                Air            #.........   99%         4    #####..
 Lightning Bolt           Conj/Air       #.........   100%        5    ######.


Dungeon Overview and Level Annotations

Branches:
Dungeon (0/15)

Altars:


Innate Abilities, Weirdness & Mutations

You cannot be hasted, slowed, berserked, paralysed or teleported.
You can dig through walls and to a lower floor.
Your four strong arms can wield two-handed weapons with a shield.
You have a pair of large antennae on your head. (SInv)
Your system is resistant to poisons. (rPois)
[Scrolls take you longer to read.]
[You are very frail. (-20% HP)]
[Your magical capacity is very low. (-20% MP)]


Message History

Okay, then.
A tentacle flies out from the starspawn's body!
The glowing orange brain pulsates.
The starspawn tentacle grabs you. The starspawn tentacle constricts you.
A starspawn tentacle comes into view.
Okay, then.
The starspawn tentacle's grasp on you weakens, but your attempt to escape fails.
The starspawn tentacle loses its grip on you.
The starspawn's tentacles wither and die.
The tentacled starspawn dissolves into shadows!
The reaper dissolves into shadows!
A starcursed mass splits.
Okay, then.
The neqoxec gestures.
Okay, then.
The neqoxec gestures at you.
Something tries to feed on your intellect!
The smoke demon gestures at you. Something smites you!
Ouch! That really hurt!
You die...

#.........#. .#
.. .
##.X..##..#. #
#.
#.#3....#...#
#. #
##.......#.# ..
.. #..G....#...
. .##..
###......#.#.#.
. .
#3......#....
#.. #.*5#.....
#. .
#.@.......∩ ..
#........## .#.
. #..........
...........
.#....#.?...
###...###....
#.... ..##
...... .#


You could see a starcursed mass, a wretched star, a glowing orange brain, a
smoke demon, a neqoxec and a crimson imp.

Vanquished Creatures (others)
  3 starspawn tentacles (Abyss:2)
3 creatures vanquished.

Notes
Turn   | Place    | Note
-------+----------+-------------------------------------------
     0 | Abyss:1  | Mrkan the Formicid Abyssal Knight began the quest for the
                  | Orb.
     0 | Abyss:1  | Reached XP level 1. HP: 18/18 MP: 2/2
    53 | Abyss:2  | Noticed a spatial vortex
    56 | Abyss:2  | Noticed a glowing orange brain
    63 | Abyss:2  | Noticed a wretched star
    63 | Abyss:2  | Noticed a tentacled starspawn
    63 | Abyss:2  | Noticed a neqoxec
    66 | Abyss:2  | Gained mutation: Your system is resistant to poisons.
                  | (rPois) [a neqoxec]
    71 | Abyss:2  | Noticed a reaper
    71 | Abyss:2  | Noticed a starcursed mass
    71 | Abyss:2  | Noticed a smoke demon
    73 | Abyss:2  | Noticed a crimson imp
    73 | Abyss:2  | Killed from afar by a smoke demon

Levels and vault maps discovered:
Abyss:2:  hangedman_abyss_mock_shop

Action                   || total
-------------------------++-------
Dodge: Dodged            ||     1

Table legend:
 A = Non-vault XP
 B = Vault XP
 C = Vault XP percentage of total XP
 D = Non-vault monster count
 E = Vault monster count
 F = Vault count percentage of total count
                 A         B        C        D         E       F
            +---------+---------+-------+---------+---------+-------
      Total |       0 |       0 |   N/A |       0 |       0 |  -nan
            +---------+---------+-------+---------+---------+-------
            +---------+---------+-------+---------+---------+-------
